 Dungeon Crawl Stone Soup version 0.24-a0-545-gd1b266bae6 (webtiles) character file.

Game seed: 1990490074889718082

16941 LabCoat the Severer (level 12, -3/157 HPs)
             Began as a Hill Orc Fighter on Aug 18, 2019.
             Was an Elder of Trog.
             Slain by a white ugly thing (21 damage)
             ... on level 12 of the Dungeon.
             The game lasted 01:04:14 (12841 turns).

LabCoat the Severer (Hill Orc Fighter)             Turns: 12841, Time: 01:04:15

Health: -3/157     AC: 13    Str: 29    XL:     12   Next: 42%
Magic:  0/12       EV: 11    Int:  8    God:    Trog [****..]
Gold:   279        SH: 12    Dex: 10    Spells: 11/11 levels left

rFire    . . .     SeeInvis .   a - +1 war axe
rCold    . . .     Gourm    .   c - +0 shield
rNeg     + . .     Faith    .   l - +0 chain mail
rPois    .         Spirit   +   (no helmet)
rElec    .         Reflect  .   z - +1 cloak
rCorr    .         Harm     .   (no gloves)
MR       .....                  (no boots)
Stlth    ..........             h - amulet of guardian spirit
HPRegen  0.36/turn              b - ring of positive energy
MPRegen  0.13/turn              s - +4 ring of evasion

@: berserking, very quick
A: no striking features
a: Berserk, Trog's Hand, Brothers in Arms, Renounce Religion


You were on level 12 of the Dungeon.
You worshipped Trog.
Trog was greatly pleased with you.
You were not hungry.

You visited 2 branches of the dungeon, and saw 13 of its levels.

You collected 699 gold pieces.
You spent 420 gold pieces at shops.

Inventory:

Hand Weapons
 a - a +1 war axe (weapon)
 k - a +0 morningstar
 G - a +0 whip of flaming
 O - the cursed +1 hunting sling of Silan {venom, -Tele rElec Int+9 SInv, unknown}
   (You found it on level 11 of the Dungeon)

   It poisons the ammo it fires.
   It affects your intelligence (+9).
   It insulates you from electricity.
   It lets you see invisible.
   It prevents most forms of teleportation.
   It has a curse placed upon it.
Missiles
 j - 10 boomerangs
 m - 18 poisoned darts (quivered)
 y - 9 atropa-tipped darts
 M - 5 silver javelins
Armour
 c - a +0 shield (worn)
 l - a +0 chain mail (worn)
 z - a +1 cloak (worn)
 N - +0 acid dragon scales
Jewellery
 b - a ring of positive energy (left hand)
 h - an amulet of guardian spirit (around neck)
 i - a +3 ring of protection
 s - a +4 ring of evasion (right hand)
 I - a +2 ring of slaying
 P - a +2 ring of evasion
 S - an uncursed ring of protection from fire
Wands
 t - a wand of random effects (32)
 C - a wand of acid (26)
 E - a wand of polymorph (19)
Scrolls
 g - 4 scrolls of remove curse
 p - a scroll of vulnerability {unknown}
 u - 3 scrolls of magic mapping
 v - 4 scrolls of fear
 w - 8 scrolls of teleportation
 x - a scroll of fog
 H - a scroll of brand weapon {unknown}
 K - a scroll of blinking
 Q - 2 scrolls of enchant weapon
Potions
 d - 3 potions of might
 e - 2 potions of agility
 n - 3 potions of cancellation
 o - a potion of berserk rage {unknown}
 q - 6 potions of curing
 r - 2 potions of lignification {unknown}
 A - a potion of invisibility
 B - a potion of magic {unknown}
 D - 2 potions of ambrosia {unknown}
 F - 2 potions of haste {unknown}
 J - a potion of flight {unknown}
 L - a potion of mutation {unknown}
Comestibles
 f - 12 rations
 R - 5 chunks of flesh


   Skills:
 + Level 9.6 Fighting
 * Level 17.4(17.5) Axes
 + Level 1.8(10.2) Maces & Flails
 + Level 5.6 Throwing
 + Level 8.9 Armour
 + Level 8.0 Shields


You had 11 spell levels left.
You didn't know any spells.
Your spell library was empty.

Dungeon Overview and Level Annotations

Branches:
Dungeon (12/15)            Temple (1/1) D:4            Lair (0/6) D:9
    Orc (0/2) D:9

Altars:
Ashenzari
Cheibriados
Dithmenos
Elyvilon
Fedhas
Gozag
Hepliaklqana
Kikubaaqudgha
Makhleb
Nemelex Xobeh
Okawaru
Qazlal
Ru
Sif Muna
Trog
Uskayaw
Vehumet
Wu Jian
Xom
Yredelemnul
Zin
The Shining One

Shops:
D:8 :   D:12 }

Annotations:
D:4 1 runed translucent door, hemabe's ghost, amateur HuAr


Message History

The white ugly thing tentacle-slaps you!
* * * LOW HITPOINT WARNING * * *
The white ugly thing freezes you!
* * * LOW HITPOINT WARNING * * *
A red film seems to cover your vision as you go berserk!
You feel yourself moving faster!
You feel mighty!
You feel a lot more hungry.
You block the white ugly thing's attack.
You slash the white ugly thing!
The white ugly thing is heavily wounded.
You slash the white ugly thing!
The white ugly thing is severely wounded.
You block the white ugly thing's attack.
Your chain mail prevents you from hitting the white ugly thing.
The white ugly thing is severely wounded.
You closely miss the white ugly thing.
The white ugly thing is severely wounded.
The white ugly thing tentacle-slaps you!
* * * LOW HITPOINT WARNING * * *
The white ugly thing freezes you!!
You die...

#...#.......#......##
#...#.......#........
#...#.......#........
#...'.......#........
#...#..######........
#...#..# ..........
#...#..# ............
...#####..#
....#####...
......u@..# .... ...
..........# ... ...
..........#
..........#
.##########


You could see a white ugly thing.

Vanquished Creatures
  A hydra (D:10)
  Erica (D:10)
  3 two-headed ogres (D:10)
  2 ugly things (D:11)
  Joseph (D:7)
  An efreet (D:11)
  2 trolls
  5 slime creatures
  4 hippogriffs
  Grinder (D:5)
  2 dream sheep (D:10)
  Sigmund (D:5)
  A vampire (D:11)
  13 yaks
  Grum (D:8)
  3 hungry ghosts
  An acid dragon (D:11)
  2 orc warriors
  An eye of draining (D:11)
  3 sky beasts
  4 ice beasts
  A black bear (D:6)
  2 phantoms
  8 ogres
  7 wolves
  4 centaurs
  3 big kobolds (D:10)
  6 bullfrogs
  A gnoll sergeant (D:7)
  A wyvern skeleton (D:11)
  A scorpion (D:11)
  9 killer bees
  6 wights
  5 electric eels (D:9)
  4 howler monkeys
  5 crimson imps
  12 hounds
  A bullfrog zombie (D:6)
  4 jellies
  3 centaur skeletons
  13 orc priests
  2 bullfrog skeletons
  7 orc wizards
  2 iguanas
  8 worker ants
  A worker ant zombie (D:11)
  18 adders
  3 gnolls (D:7)
  A howler monkey skeleton (D:4)
  4 shadow imps
  An ooze (D:2)
  4 worms
  A dart slug (D:2)
  2 leopard geckos
  33 orcs
  5 giant cockroaches
  7 goblins
  5 hobgoblins
  17 jackals
  9 kobolds
  5 quokkas
  A ball python (D:3)
  11 bats
  2 frilled lizards
  2 leopard gecko skeletons
  A leopard gecko zombie (D:9)
  7 rats
308 creatures vanquished.

Notes
Turn   | Place    | Note
-------+----------+-------------------------------------------
     0 | D:1      | LabCoat the Hill Orc Fighter began the quest for the Orb.
     0 | D:1      | Reached XP level 1. HP: 19/19 MP: 1/1
   285 | D:1      | Reached XP level 2. HP: 26/27 MP: 2/2
   311 | D:1      | Reached skill level 3 in Axes
   671 | D:2      | Found a faded altar of an unknown god.
   725 | D:2      | Reached XP level 3. HP: 33/33 MP: 3/3
  1047 | D:2      | Reached skill level 4 in Axes
  1187 | D:2      | Reached XP level 4. HP: 40/40 MP: 4/4
  1268 | D:2      | Found an opulent altar of Gozag.
  1628 | D:3      | Reached skill level 5 in Axes
  1766 | D:3      | Reached XP level 5. HP: 39/46 MP: 3/5
  2195 | D:4      | Reached skill level 6 in Axes
  2209 | D:4      | Reached XP level 6. HP: 45/53 MP: 6/6
  2251 | D:4      | Found a glowing golden altar of the Shining One.
  2397 | D:4      | Noticed a phantom
  2405 | D:4      | Reached skill level 7 in Axes
  2429 | D:4      | Killed a phantom
  2732 | D:4      | Reached XP level 7. HP: 60/60 MP: 7/7
  2740 | D:4      | Reached skill level 8 in Axes
  2829 | D:4      | Found a staircase to the Ecumenical Temple.
  2840 | Temple   | Entered the Ecumenical Temple
  2847 | Temple   | Became a worshipper of Trog the Wrathful
  3250 | D:4      | Found a runed translucent door.
  3259 | D:4      | Noticed hemabe's ghost (amateur HuAr)
  3381 | D:4      | Found a radiant altar of Vehumet.
  3440 | D:5      | Entered Level 5 of the Dungeon
  3566 | D:5      | Reached skill level 9 in Axes
  3579 | D:5      | Noticed Grinder
  3585 | D:5      | Paralysed by Grinder for 7 turns
  3611 | D:5      | Killed Grinder
  3611 | D:5      | Reached skill level 5 in Fighting
  3611 | D:5      | Reached skill level 1 in Throwing
  3611 | D:5      | Reached skill level 5 in Shields
  3611 | D:5      | Reached XP level 8. HP: 21/68 MP: 5/8
  3844 | D:5      | Found a basalt altar of Yredelemnul.
  3925 | D:5      | Reached skill level 10 in Axes
  4033 | D:5      | Noticed Sigmund
  4047 | D:5      | Killed Sigmund
  4177 | D:5      | Found a shadowy altar of Dithmenos.
  4331 | D:5      | Reached skill level 5 in Armour
  4334 | D:5      | Found a basalt altar of Yredelemnul.
  4478 | D:6      | Reached skill level 11 in Axes
  4578 | D:6      | Reached XP level 9. HP: 72/75 MP: 9/9
  4622 | D:6      | Reached * piety under Trog
  4651 | D:6      | Found a blossoming altar of Fedhas.
  4804 | D:6      | Reached skill level 12 in Axes
  5299 | D:7      | Noticed Joseph
  5334 | D:7      | Killed Joseph
  5713 | D:7      | Reached skill level 13 in Axes
  5715 | D:7      | Reached ** piety under Trog
  6204 | D:8      | Reached XP level 10. HP: 84/84 MP: 10/10
  6300 | D:8      | Noticed Grum
  6314 | D:8      | Reached skill level 14 in Axes
  6327 | D:8      | Killed Grum
  6906 | D:8      | Found Seguadgh's Book Boutique.
  7287 | D:9      | Reached *** piety under Trog
  7528 | D:9      | Reached skill level 15 in Axes
  7721 | D:9      | Found a stormy altar of Qazlal.
  7727 | D:9      | Found a shimmering altar of Xom.
  7731 | D:9      | Found an ornate altar of the Wu Jian Council.
  7825 | D:9      | Found a staircase to the Orcish Mines.
  7892 | D:9      | Found a staircase to the Lair.
  7902 | D:9      | HP: 5/129 [electric eel/bolt of electricity (8)]
  9118 | D:9      | Reached XP level 11. HP: 73/93 MP: 9/11
  9454 | D:9      | Found an ancient bone altar of Kikubaaqudgha.
  9506 | D:10     | Entered Level 10 of the Dungeon
  9510 | D:10     | Noticed a two-headed ogre
  9520 | D:10     | Killed a two-headed ogre
  9563 | D:10     | Noticed a two-headed ogre
  9571 | D:10     | Killed a two-headed ogre
  9769 | D:10     | Reached skill level 16 in Axes
  9878 | D:10     | Noticed Erica
  9901 | D:10     | Killed Erica
  9901 | D:10     | Received a gift from Trog
 10082 | D:10     | Noticed a two-headed ogre
 10091 | D:10     | Killed a two-headed ogre
 10258 | D:10     | Noticed a three-headed hydra
 10280 | D:10     | Killed a three-headed hydra
 10993 | D:11     | Noticed a brown ugly thing
 11006 | D:11     | Killed a brown ugly thing
 11006 | D:11     | Received a gift from Trog
 11006 | D:11     | Reached skill level 1 in Maces & Flails
 11006 | D:11     | Reached skill level 5 in Throwing
 11190 | D:11     | Reached XP level 12. HP: 103/103 MP: 12/12
 11284 | D:11     | Reached skill level 17 in Axes
 11603 | D:11     | Got a steaming hunting sling
 11676 | D:11     | Found a glowing golden altar of the Shining One.
 11959 | D:12     | Reached **** piety under Trog
 12701 | D:12     | Found Feschosk's Gadget Shop.
 12726 | D:12     | Bought a wand of acid (10) for 420 gold pieces
 12841 | D:12     | Slain by a white ugly thing

Levels and vault maps discovered:
D:1:      sevenhm_arrival_forest_fort_small_4, layout_loops_ring
D:2:      minmay_angry_zag, layout_basic, grunt_gozag_statues,
          chequers_ecumenical_altar_simple_redux
D:3:      layout_rooms, first_ration
D:4:      layout_rooms, nicolae_overflow_crystal_walls, kennysheep_mini,
          temple_pool_b, ebering_ghost_reflecting_pool, minmay_quantized
D:5:      layout_rooms, old_standard_altar, marbit_many_paths,
          yredelemnul_altar_generic, uniq_grinder, uniq_sigmund
D:6:      layout_gridville, lemuel_round_altar
D:7:      layout_cave_pools, uniq_joseph
D:8:      layout_cave_pools, serial_shops, nicolae_shop_behind_doors, uniq_grum
D:9:      layout_rooms, nicolae_overflow_hidden_temple,
          grunt_temple_overflow_open, erik_lair_island
D:10:     layout_rooms, hangedman_ranch [blue_anna_fruit_fields], uniq_erica
D:11:     layout_loops_ring, basic_altar, minmay_fractal_squares_gapless_7
D:12:     layout_irregular_city, serial_shops, nicolae_shop_statue_plus,
          chequers_serial_rivers_small_b
Temple:   nicolae_temple_x_marks_the_god

Skill      XL: |  1  2  3  4  5  6  7  8  9 10 11 12 |
---------------+-------------------------------------+-----
Axes           | 3 4 5 6 7 9 11 13 15 16 17 | 17.4
Fighting       | 4 5 6 7 8 9 |  9.6
Shields        | 4 5 6 7 8 |  8.0
Armour         | 4 5 7 8 |  8.9
Throwing       | 1 3 4 5 |  5.6
Maces & Flails | 1 |  1.8

Action                   |  1- 3 |  4- 6 |  7- 9 | 10-12 || total
-------------------------+-------+-------+-------+-------++-------
Melee: War axe           |   113 |   177 |   297 |   608 ||  1195
       Whip              |       |       |       |    38 ||    38
Throw: Dart              |     5 |     5 |    69 |   135 ||   214
Invok: Berserk           |       |       |     3 |    11 ||    14
       Trog's Hand       |       |       |       |     1 ||     1
Evoke: Wand              |       |       |       |     1 ||     1
  Use: Scroll            |     4 |     6 |     5 |     5 ||    20
       Potion            |       |       |       |     4 ||     4
 Stab: Invisible         |       |       |       |     1 ||     1
  Eat: Chunk             |     1 |     5 |     7 |    13 ||    26
       Ration            |       |       |     3 |     7 ||    10
Armor: Scale mail        |    39 |       |       |       ||    39
       Chain mail        |    10 |   126 |   100 |   218 ||   454
Dodge: Dodged            |    37 |    44 |    73 |   191 ||   345
Block: Shield            |    56 |    96 |   116 |   256 ||   524

Table legend:
 A = Non-vault XP
 B = Vault XP
 C = Vault XP percentage of total XP
 D = Non-vault monster count
 E = Vault monster count
 F = Vault count percentage of total count
                 A         B        C        D         E       F
            +---------+---------+-------+---------+---------+-------
      Total |   17024 |    7178 |  29.7 |     261 |      47 |  15.3
            +---------+---------+-------+---------+---------+-------
        D:1 |      18 |       0 |   0.0 |      12 |       0 |   0.0
        D:2 |      60 |      35 |  36.8 |      14 |      10 |  41.7
        D:3 |     117 |       0 |   0.0 |      26 |       0 |   0.0
        D:4 |     596 |     181 |  23.3 |      20 |       4 |  16.7
        D:5 |     579 |     485 |  45.6 |      23 |       2 |   8.0
        D:6 |    1212 |       0 |   0.0 |      27 |       0 |   0.0
        D:7 |     777 |     475 |  37.9 |      18 |       1 |   5.3
        D:8 |    1253 |     658 |  34.4 |      25 |       5 |  16.7
        D:9 |    3109 |     862 |  21.7 |      41 |       9 |  18.0
       D:10 |    3164 |    3062 |  49.2 |       8 |       9 |  52.9
       D:11 |    3217 |    1420 |  30.6 |      26 |       7 |  21.2
       D:12 |    2922 |       0 |   0.0 |      21 |       0 |   0.0
            +---------+---------+-------+---------+---------+-------
